 Dungeon Crawl Stone Soup version 0.27-a0-1060-gcb85b5eba1 (webtiles) character file.

Game seed: 2304412511654830490

14801 Nosferatu13666 the Covert (level 11, -7/58 HPs)
             Began as a Spriggan Brigand on Apr 21, 2021.
             Was an Elder of Dithmenos.
             Mangled by a very large slime creature (50 damage)
             ... on level 12 of the Dungeon.
             The game lasted 01:28:32 (18198 turns).

Nosferatu13666 the Covert (Spriggan Brigand)       Turns: 18198, Time: 01:28:33

Health: -7/58      AC: 19    Str:  7    XL:     11   Next: 93%
Magic:  16/16      EV: 23    Int: 13    God:    Dithmenos [****..]
Gold:   752        SH:  6    Dex: 20    Spells: 10/10 levels left

rFire    . . .     SeeInvis +   n - +6 dagger
rCold    . . .     Faith    .   H - +0 buckler {rN+}
rNeg     + . .     Spirit   .   r - +4 acid dragon scales
rPois    .         Reflect  .   (helmet restricted)
rElec    .         Harm     .   c - +0 cloak
rCorr    +         Rampage  .   (gloves unavailable)
Will     +....                  (boots unavailable)
Stlth    ++++++++..             (no amulet)
HPRegen  0.19/turn              t - +4 ring of protection
MPRegen  0.15/turn              e - +4 ring of protection

@: wreathed by umbra, studying 2 skills, very quick
A: very small, no large weapons, unfitting armour, see invisible, speed 3
a: Renounce Religion, Shadow Step


You were on level 12 of the Dungeon.
You worshipped Dithmenos.
Dithmenos was greatly pleased with you.
You visited 2 branches of the dungeon, and saw 14 of its levels.

You collected 888 gold pieces.
You spent 136 gold pieces at shops.

Inventory:

Hand Weapons
 n - a +6 dagger (weapon)
 q - a +0 short sword of speed
 u - a +0 hunting sling
Missiles
 d - 37 poisoned darts (quivered)
 v - 15 sling bullets
 B - a throwing net
 E - a curare-tipped dart
Armour
 b - a +0 robe
 c - a +0 cloak (worn)
 r - +4 acid dragon scales (worn)
 H - a +0 buckler of positive energy (worn)
Jewellery
 e - a +4 ring of protection (right hand)
 h - a ring of poison resistance
 s - a ring of see invisible
 t - a +4 ring of protection (left hand)
 D - a +4 ring of evasion
 J - a +6 ring of intelligence
 L - a ring of protection from cold
Wands
 o - a wand of polymorph (15)
 x - a wand of flame (11)
 z - a wand of acid (3)
 F - a wand of paralysis (2)
Scrolls
 f - 4 scrolls of identify
 g - 2 scrolls of immolation
 l - 3 scrolls of magic mapping
 w - a scroll of fear
 y - 3 scrolls of teleportation
 G - a scroll of fog {unknown}
 M - a scroll of amnesia {unknown}
Potions
 a - a potion of ambrosia
 i - 6 potions of curing
 j - 4 potions of haste
 k - 2 potions of heal wounds
 m - a potion of brilliance
 p - 3 potions of attraction
 A - a potion of flight
 I - 2 potions of mutation {unknown}
 K - a potion of berserk rage {unknown}


   Skills:
 + Level 7.1 Fighting
 + Level 9.2 Short Blades
 + Level 8.4 Throwing
 + Level 12.1 Dodging
 + Level 13.5 Stealth
 + Level 6.6 Invocations


You had 10 spell levels left.
You didn't know any spells.
Your spell library contained the following spells:

 Spells                   Type           Power      Damage    Failure   Level
 Foxfire                  Conj/Fire      0%         2x1d4     69%         1
 Freeze                   Ice            0%         1d3       69%         1
 Conjure Flame            Conj/Fire      0%         6-21      96%         3
 Frozen Ramparts          Ice            0%         1d2       96%         3
 Inner Flame              Hex/Fire       0%         N/A       96%         3
 Ozocubu's Armour         Ice            0%         N/A       96%         3
 Hailstorm                Conj/Ice       0%         3d3       100%        4
 Sticky Flame             Conj/Fire      0%         2d3       100%        4
 Fireball                 Conj/Fire      0%         3d3       100%        5
 Metabolic Englaciation   Hex/Ice        0%         N/A       100%        5


Dungeon Overview and Level Annotations

Branches:
Dungeon (13/15)            Temple (1/1) D:4            Lair (0/6) D:8
    Orc (0/2) D:11
 Vaults: D:13-14

Altars:
Ashenzari
Cheibriados
Dithmenos
Elyvilon
Fedhas
Gozag
Hepliaklqana
Kikubaaqudgha
Makhleb
Nemelex Xobeh
Okawaru
Qazlal
Ru
Sif Muna
Trog
Uskayaw
Vehumet
Wu Jian
Xom
Yredelemnul
Zin
The Shining One
Lugonu

Shops:
D:3 ?   D:11 ([

Portals:
Abyss: D:4


Innate Abilities, Weirdness & Mutations

You are very small and have problems with some larger weapons.
You are too small for most types of armour.
You have supernaturally acute eyesight. (SInv)
You cover ground extremely quickly. (Speed+++)


Message History

The slime creature hits you!
Throw: 38 darts (poison)
Press: ? - help, Q - select action, (/) - cycle Shift-Dir - straight line, f/p - slime creature
Aim: a slime creature (umbra, 86% to hit)
You throw a poisoned dart.
The poisoned dart hits the slime creature!
You puncture the slime creature!
The slime creature is lightly wounded.
The slime creature misses you.
You hit the slime creature.
The slime creature is lightly wounded.
Two slime creatures merge to form a very large slime creature.
You hit the very large slime creature.
The very large slime creature is lightly wounded.
You hit the very large slime creature.
The very large slime creature is lightly wounded.
The very large slime creature closely misses you.
You puncture the very large slime creature!
The very large slime creature is lightly wounded.
You hit the very large slime creature.
The very large slime creature is lightly wounded.
The very large slime creature barely misses you.
You hit the very large slime creature.
The very large slime creature is lightly wounded.
The very large slime creature misses you.
You puncture the very large slime creature!
The very large slime creature is moderately wounded.
You hit the very large slime creature.
The very large slime creature is moderately wounded.
The very large slime creature closely misses you.
You hit the very large slime creature.
The very large slime creature is moderately wounded.
You hit the very large slime creature.
The very large slime creature is moderately wounded.
The very large slime creature closely misses you.
You puncture the very large slime creature!
The very large slime creature is moderately wounded.
The very large slime creature hits you!!!
Ouch! That really hurt!
You die...

# .### ### #..###### ####.#
........ #.#.## .....## #..##
(.....# ### #...# ###
......####.# ##@..## #.#
...((.##...####J###.## ##.#
#####.........(###...####..# #
.####.(.((....###.........#####..
........<.....#...###...........#
##.......(....................##.
###....####............#........
#....## ##...........#....#...
#..##..# ..#......#..##..## .#


You could see a very large slime creature.

Vanquished Creatures
  A hydra (D:12)
  3 two-headed ogres
  An ugly thing (D:8)
  2 cyclopes
  A manticore (D:11)
  Joseph (D:7)
  2 unseen horrors (D:10)
  A komodo dragon (D:11)
  A kobold demonologist (D:12)
  An efreet (D:12)
  A troll (D:9)
  3 slime creatures (D:12)
  A vampire (D:12)
  3 shadows
  3 wraiths
  13 yaks
  3 vampire mosquitoes (D:12)
  An acid dragon (D:8)
  A water moccasin (D:7)
  2 ice beasts
  2 black bears
  2 necrophages (D:6)
  4 orc warriors
  A sky beast (D:5)
  3 ogres
  3 centaurs
  3 kobold brigands
  4 bullfrogs
  A gnoll sergeant (D:6)
  7 scorpions
  A wyvern skeleton (D:6)
  9 killer bees (D:9)
  13 wights
  6 howler monkeys
  2 electric eels (D:7)
  4 crimson imps
  2 centaur zombies
  2 hounds
  3 orc priests
  A centaur skeleton (D:5)
  2 gnoll shamans
  2 bullfrog skeletons (D:5)
  3 iguanas (D:5)
  5 orc wizards
  12 gnolls
  8 adders
  2 shadow imps
  5 white imps
  An adder skeleton (D:4)
  A worm (D:2)
  5 dart slugs
  34 orcs
  7 ball pythons
  9 endoplasms
  2 giant cockroaches
  7 goblins
  11 hobgoblins
  17 jackals
  2 quokkas
  2 bats (D:3)
  6 frilled lizards
  24 kobolds
  A quokka skeleton (D:2)
  5 rats
291 creatures vanquished.

Vanquished Creatures (others)
  A wizard (D:3)
  A fungus (D:3)
  17 plants
19 creatures vanquished.

Grand Total: 310 creatures vanquished

Notes
Turn   | Place    | Note
-------+----------+-------------------------------------------
     0 | D:1      | Nosferatu13666 the Spriggan Brigand began the quest for the
                  | Orb.
     0 | D:1      | Reached XP level 1. HP: 10/10 MP: 2/2
   365 | D:1      | Reached skill level 6 in Stealth
   374 | D:1      | Reached XP level 2. HP: 11/15 MP: 3/3
  1059 | D:1      | Reached XP level 3. HP: 18/18 MP: 4/4
  1872 | D:2      | Reached XP level 4. HP: 7/23 MP: 5/5
  3461 | D:3      | Found a faded altar of an unknown god.
  3964 | D:3      | Found a bloodstained altar of Trog.
  3987 | D:3      | Noticed a wizard
  3991 | D:3      | Killed a wizard
  4143 | D:3      | Found Vyega's Magic Scroll Emporium.
  4283 | D:4      | Reached XP level 5. HP: 13/26 MP: 6/6
  4572 | D:4      | Noticed a black bear
  4758 | D:4      | Reached skill level 7 in Stealth
  4944 | D:4      | Killed a black bear
  5091 | D:4      | Found a radiant altar of Vehumet.
  5142 | D:4      | Found a one-way gate to the infinite horrors of the Abyss.
  5172 | D:4      | Found a staircase to the Ecumenical Temple.
  5175 | D:4      | Found a large runed translucent door.
  5175 | D:4      | Found a large runed translucent door.
  5187 | D:4      | Reached XP level 6. HP: 16/32 MP: 7/7
  6054 | D:4      | Found a corrupted altar of Lugonu.
  6108 | Temple   | Entered the Ecumenical Temple
  6152 | Temple   | Became a worshipper of Dithmenos the Shadowed
  6345 | D:5      | Entered Level 5 of the Dungeon
  6798 | D:5      | Noticed a sky beast
  6804 | D:5      | Killed a sky beast
  6805 | D:5      | Reached skill level 8 in Stealth
  6805 | D:5      | Reached XP level 7. HP: 36/36 MP: 8/8
  7008 | D:5      | Reached skill level 5 in Dodging
  7150 | D:5      | Noticed a two-headed ogre
  7242 | D:5      | Killed a two-headed ogre
  7243 | D:5      | Reached skill level 5 in Short Blades
  7243 | D:5      | Reached skill level 9 in Stealth
  7243 | D:5      | Reached XP level 8. HP: 42/42 MP: 9/9
  7532 | D:5      | Reached skill level 5 in Throwing
  7617 | D:6      | Reached skill level 1 in Invocations
  7816 | D:6      | Found a broken altar of Ashenzari.
  7855 | D:6      | Reached skill level 10 in Stealth
  7878 | D:6      | Reached XP level 9. HP: 46/46 MP: 11/11
  8037 | D:6      | Reached * piety under Dithmenos
  9167 | D:6      | Found a sacrificial altar of Ru.
  9918 | D:7      | Reached skill level 5 in Fighting
 10105 | D:7      | Noticed Joseph
 10527 | D:7      | Killed Joseph
 10604 | D:7      | Reached skill level 11 in Stealth
 11645 | D:7      | Reached XP level 10. HP: 37/51 MP: 13/13
 11867 | D:8      | Found a staircase to the Lair.
 11909 | D:8      | Found a glowing golden altar of the Shining One.
 11909 | D:8      | Found a white marble altar of Elyvilon.
 11910 | D:8      | Found a glowing silver altar of Zin.
 11965 | D:8      | Noticed a two-headed ogre
 12037 | D:8      | Killed a two-headed ogre
 12596 | D:8      | Reached ** piety under Dithmenos
 12707 | D:8      | Found a blossoming altar of Fedhas.
 12709 | D:8      | Found a stormy altar of Qazlal.
 12785 | D:8      | Found an iron altar of Okawaru.
 12786 | D:8      | Found a shimmering altar of Xom.
 12789 | D:8      | Found a hazy altar of Hepliaklqana.
 13114 | D:9      | Noticed a white ugly thing
 13205 | D:8      | Killed a white ugly thing
 13444 | D:8      | Reached skill level 12 in Stealth
 14002 | D:10     | Entered Level 10 of the Dungeon
 14008 | D:10     | Reached skill level 5 in Invocations
 14680 | D:10     | Reached XP level 11. HP: 56/56 MP: 15/15
 14827 | D:10     | Reached skill level 10 in Dodging
 14834 | D:10     | Found an opulent altar of Gozag.
 15241 | D:10     | Reached *** piety under Dithmenos
 16178 | D:11     | Found Maritruc's Weapon Shop.
 16180 | D:11     | Found a staircase to the Orcish Mines.
 16185 | D:11     | Found Jepp's Armour Shop.
 16400 | D:11     | Bought a +0 buckler of positive energy for 136 gold pieces
 16588 | D:11     | Reached skill level 13 in Stealth
 17214 | D:11     | Noticed a two-headed ogre
 17215 | D:11     | Noticed a deep troll earth mage
 17216 | D:11     | Noticed a catoblepas
 17219 | D:11     | Killed a two-headed ogre
 17294 | D:12     | Noticed a five-headed hydra
 17297 | D:12     | Killed a five-headed hydra
 17376 | D:12     | You fall into a shaft and drop 1 floor!
 17381 | D:13     | Noticed a centaur warrior
 17574 | D:12     | Reached **** piety under Dithmenos
 18198 | D:12     | Mangled by a very large slime creature

Illustrated notes

Levels and vault maps discovered:
D:1:      mushboom_english_gardens, layout_loops_ring, serial_forest,
          infiniplex_forest_lined_2, infiniplex_forest_end_double,
          infiniplex_forest_clump_long, infiniplex_forest_lined_3,
          infiniplex_forest_end_2, infiniplex_forest_straight_4,
          infiniplex_forest_lined_room_2, infiniplex_forest_lined_2
D:2:      layout_basic
D:3:      layout_basic, trog_wizard, serial_shops, nicolae_shop_statue_plus,
          shapermc_ecumenical_altar_hornbeckon, minmay_starry_boxes
D:4:      due_chaos_kobolds, layout_basic, nicolae_vehumet_altar_sigil,
          minmay_temple_entry_offerings, minmay_manual_mail
D:5:      layout_loops_cross
D:6:      layout_basic, nicolae_ru_sacrificial_ziggurat, evilmike_ruin_ashenzari
D:7:      layout_basic, serial_bayou_lagoon_a, uniq_joseph
D:8:      layout_loops_ring, good_gods_temple_1, nicolae_overflow_hidden_temple,
          lair_entry_dummy
D:9:      layout_basic
D:10:     layout_rooms, grunt_gozag_statues, st_stairs_9, minmay_nine_imps
D:11:     layout_basic, orc_david_3, onia_ninara_dug_in_and_dangerous
D:12:     layout_layer_cave
D:13:     layout_grid_maze, serial_shops, shop
Temple:   kb_temple_of_zot

Skill      XL: |  1  2  3  4  5  6  7  8  9 10 11 |
---------------+----------------------------------+-----
Stealth        | 6 7 8 9 10 11 12 13 | 13.5
Dodging        | 2 3 4 6 8 9 12 | 12.1
Fighting       | 2 3 4 5 6 7 |  7.1
Short Blades   | 3 4 5 6 7 8 9 |  9.2
Throwing       | 3 4 5 6 7 8 |  8.4
Invocations    | 1 3 5 6 |  6.6

Action                   |  1- 3 |  4- 6 |  7- 9 | 10-12 || total
-------------------------+-------+-------+-------+-------++-------
Melee: Dagger            |   122 |   129 |    78 |   843 ||  1172
       Short sword       |       |    63 |   197 |       ||   260
 Fire: Hunting sling     |       |       |    23 |    17 ||    40
Throw: Dart              |    26 |    73 |   105 |   173 ||   377
Evoke: Wand              |       |       |       |    11 ||    11
  Use: Scroll            |       |     9 |     3 |    10 ||    22
       Potion            |       |       |       |     2 ||     2
 Stab: Sleeping          |    13 |    17 |    10 |    14 ||    54
       Distracted        |     1 |     2 |     2 |     1 ||     6
Armor: Robe              |    10 |    12 |    10 |     2 ||    34
       Acid dragon scale |       |       |       |    72 ||    72
Dodge: Dodged            |    79 |   121 |   164 |   533 ||   897
Block: Buckler           |       |       |       |    26 ||    26

Table legend: (Time is in decaauts)
 A = Elapsed time spent in this place.
 B = Non-inter-level travel time spent in this place.
 C = Inter-level travel time spent in this place.
 D = Time resting spent in this place.
 E = Time spent auto-exploring this place.
 F = Levels seen in this place.
 G = Mean time per level.
                   A        B        C        D        E       F      G
               +--------+--------+--------+--------+--------+-----+--------+
         Total |  13669 |  13503 |    166 |   2128 |   7789 |  14 |  976.4 |
       Dungeon |  13620 |  13472 |    148 |   2128 |   7767 |  13 | 1047.7 |
        Temple |     48 |     31 |     17 |      0 |     22 |   1 |   48.0 |
               +--------+--------+--------+--------+--------+-----+--------+

Top non-repeatable levels by time:
     D:4: 1680 daAuts
     D:7: 1586 daAuts
     D:1: 1341 daAuts
     D:6: 1306 daAuts
     D:8: 1214 daAuts
    D:11: 1159 daAuts
     D:5: 1056 daAuts
     D:2: 965 daAuts
    D:10: 964 daAuts
     D:3: 909 daAuts
     D:9: 760 daAuts
    D:12: 613 daAuts
    D:13: 64 daAuts
  Temple: 48 daAuts
